 Dungeon Crawl Stone Soup version 0.18.1-8-gdd0e5ea (webtiles) character file.

37 Krapule the Chiller (level 3, -2/26 HPs)
             Began as a Demonspawn Ice Elementalist on June 5, 2016.
             Killed by divine providence
             ... invoked by an orc priest
              (8 damage)
             ... on level 3 of the Dungeon.
             The game lasted 00:06:30 (1867 turns).

Krapule the Chiller (Demonspawn Ice Elementalist)   Turns: 1867, Time: 00:06:30

Health: -2/26      AC:  2    Str: 13    XL:     3   Next: 21%
Magic:  0/6        EV: 12    Int: 16    God:
Gold:   66         SH:  0    Dex: 14    Spells: 1 memorised, 6 levels left

rFire  . . .     SeeInvis +     j - +0 short sword
rCold  . . .     Gourm    .     a - +0 robe
rNeg   . . .     Faith    .     (no shield)
rPois  .         Spirit   +     (helmet restricted)
rElec  .         Dismiss  .     (no cloak)
rCorr  .         Reflect  .     (no gloves)
SustAt .         Harm     .     (no boots)
MR     .....                    i - amulet of guardian spirit
Stlth  ++........               (no ring)
                                m - ring of see invisible

@: mighty, not resistant to hostile enchantments, unstealthy
A: antennae 1
a: no special abilities


You were on level 3 of the Dungeon.
You were not hungry.

You visited 1 branch of the dungeon, and saw 3 of its levels.

You collected 66 gold pieces.

Inventory:

Hand Weapons
 j - a +0 short sword (weapon)
Armour
 a - a +0 robe (worn)
Jewellery
 i - an amulet of guardian spirit (around neck)
 m - a ring of see invisible (left hand)
Scrolls
 e - a scroll of enchant weapon {unknown}
 f - a scroll of remove curse {unknown}
Potions
 l - a potion of brilliance {unknown}
Books
 b - a book of Frost

   Spells                             Type                      Level
   a - Freeze                         Ice                          1
   b - Throw Frost                    Conjuration/Ice              2
   c - Ozocubu's Armour               Charms/Ice                   3
   d - Throw Icicle                   Conjuration/Ice              4
   e - Summon Ice Beast               Ice/Summoning                4
Comestibles
 c - 3 bread rations
 d - a slice of pizza
 g - a meat ration
 k - 4 chunks of flesh


   Skills:
 + Level 1.1 Fighting
 + Level 2.0 Dodging
 - Level 2.0 Stealth
 + Level 2.5 Spellcasting
   Level 1.0 Conjurations
 + Level 3.1 Ice Magic


You had 6 spell levels left.
You knew the following spells:

 Your Spells              Type           Power        Failure   Level  Hunger
a - Freeze                Ice            ##..         8%          1    #......


Dungeon Overview and Level Annotations

Branches:
Dungeon (3/15)

Altars:

Annotations:
D:2 Robin


Innate Abilities, Weirdness & Mutations

You have a pair of small antennae on your head.


Message History

Robin throws the goblin at you! The goblin closely misses you.
The goblin hits you with a dagger.
* * * LOW HITPOINT WARNING * * *
The goblin misses you. The goblin barely misses you.
The goblin no longer looks unusually strong.
There is a stone staircase leading down here.
The goblin no longer looks unusually strong. x2
You climb downwards.
A rat comes into view.
Found a glass wand and a leather armour.
Found a stone staircase leading down and a stone staircase leading up.
There is a stone staircase leading up here.
You hit the goblin.
You kill the goblin!
You hit the rat.
You kill the rat!
A giant newt and an orc priest come into view.
The orc priest mumbles some strange prayers to Beogh against you.
Beogh smites you!
You die...

....##.#.l.....
.........o.....
.....#.........
...............
...............
...............
#[...../.....
#............
#....@.......
#......>.....
#............
##...........
##..<.......
##..)......
##........
##..<....
#......


You could see an orc priest.

Vanquished Creatures
  2 oozes (D:1)
  2 dart slugs
  A giant gecko (D:1)
  7 goblins
  3 hobgoblins
  2 bats (D:1)
  A giant newt (D:2)
  3 kobolds (D:1)
  4 rats
25 creatures vanquished.

Notes
Turn   | Place    | Note
--------------------------------------------------------------
     0 | D:1      | Krapule the Demonspawn Ice Elementalist began the quest for the Orb.
     0 | D:1      | Reached XP level 1. HP: 13/13 MP: 3/3
   428 | D:1      | Gained mutation: You have a pair of small antennae on your head. [demonic ancestry]
   428 | D:1      | Reached XP level 2. HP: 19/19 MP: 5/5
  1018 | D:1      | Reached skill level 3 in Ice Magic
  1230 | D:2      | Reached XP level 3. HP: 21/25 MP: 3/6
  1279 | D:2      | HP: 1/25 [worm (11)]
  1626 | D:2      | Noticed Robin
  1741 | D:2      | Reached skill level 1 in Fighting
  1867 | D:3      | Killed from afar by an orc priest

Skill      XL: |  1  2  3 |
---------------+----------+-----
Stealth        | 2 |  2.0
Dodging        | 2 |  2.0
Ice Magic      | 3 |  3.1
Fighting       | 1 |  1.1
Spellcasting   | |  2.5
Conjurations   | |  1.0

Action                   || total
-------------------------++-------
Melee: Dagger            ||    44
       Unarmed           ||     7
       Short sword       ||    31
 Cast: Freeze            ||    12
  Use: Potion            ||     1
 Stab: Sleeping          ||     1
       Distracted        ||     1
  Eat: Chunk             ||     3
Armor: Robe              ||    12
Dodge: Dodged            ||    49
